Montreal Canadiens vs Boston Bruins
Created - Tuesday, August 5, 2025 at 08:22
Goals
|
| Montreal Canadiens |
1 |
2 |
0 |
3 |
| Boston Bruins |
2 |
2 |
1 |
5 |
|
Shots
|
| Montreal Canadiens |
7 |
9 |
12 |
28 |
| Boston Bruins |
15 |
21 |
6 |
42 |
|
1st period
1. Montreal Canadiens , Brad Marchand 1 (Macklin Celebrini 1) at 3:45
2. Boston Bruins , Vladimir Tarasenko 1 (Maxim Tsyplakov 1, Mark Kastelic 1) at 11:22
3. Boston Bruins , Sam Colangelo 1 (Taylor Raddysh 1, Beck Malenstyn 1) at 14:17
Penalties :
Ryan Strome (BOS) for Tripping (Minor) at 18:36
2nd period
4. Montreal Canadiens , Martin Necas 1 (Dylan Larkin 1, Brad Marchand 1) at 4:57 (PP)
5. Boston Bruins , Jaden Schwartz 1 (John Marino 1, Alex Laferriere 1) at 6:28
6. Montreal Canadiens , Evgeni Dadonov 1 (Teddy Blueger 1, Lane Hutson 1) at 7:26
7. Boston Bruins , Alex Laferriere 1 (Jaden Schwartz 1, Ryan Strome 1) at 18:25
Penalties :
Ryan Strome (BOS) for Delaying the game (Minor) at 4:23, Vladimir Tarasenko (BOS) for Tripping (Minor) at 7:43
3rd period
8. Boston Bruins , Viktor Arvidsson 1 (Jani Nyman 1) at 9:36
Penalties :
Ryan Strome (BOS) for Cross-checking (Minor) at 0:15
Goalie Stats
Stuart Skinner (MTL), 37 saves from 42 shots - (0.881), L, 0-1-0, 60:00 minutes
Leevi Merilainen (BOS), 25 saves from 28 shots - (0.893), W, 1-0-0, 60:00 minutes
Players Stats for Montreal Canadiens
Player Name G A P +/- PIM S H SB GA TA FO MP PP MP PK MP
------------------------------------------------------------------------------------
Adam Fox 0 0 0 0 0 1 0 1 0 1 0/0 19:55 3:18 0:00
Aliaksei Protas 0 0 0 0 0 2 1 1 0 0 0/0 18:53 3:13 0:00
Brad Marchand 1 1 2 0 0 2 4 0 0 0 1/2 19:14 3:14 0:00
Brady Skjei 0 0 0 1 0 2 3 2 0 0 0/0 25:41 3:18 0:00
Conor Timmins 0 0 0 -2 0 1 1 1 0 0 0/0 16:13 0:00 0:00
Damon Severson 0 0 0 -2 0 0 2 0 0 0 0/0 18:06 3:13 0:00
Drew O'Connor 0 0 0 0 0 0 0 1 0 1 1/1 9:15 0:00 0:00
Dylan Larkin 0 1 1 -1 0 2 2 1 0 1 21/35 20:04 3:18 0:00
Evgeni Dadonov 1 0 1 0 0 3 3 0 1 0 0/0 9:15 0:00 0:00
Ilya Lyubushkin 0 0 0 -2 0 0 2 1 0 0 0/0 16:13 0:00 0:00
Jake Evans 0 0 0 -2 0 1 2 0 1 0 6/6 11:28 0:00 0:00
Juraj Slafkovsky 0 0 0 -1 0 2 0 0 0 0 1/1 19:47 3:13 0:00
Lane Hutson 0 1 1 -1 0 0 2 0 0 0 0/0 23:52 3:13 0:00
Macklin Celebrini 0 1 1 0 0 3 1 0 1 0 7/11 18:57 3:13 0:00
Martin Necas 1 0 1 -1 0 6 0 1 3 0 0/0 20:04 3:18 0:00
Patrik Laine 0 0 0 -2 0 1 0 1 0 0 0/0 11:43 0:00 0:00
Ryan Poehling 0 0 0 -2 0 1 1 0 0 0 0/0 11:35 0:00 0:00
Teddy Blueger 0 1 1 0 0 1 2 0 0 0 0/0 9:45 0:04 0:00
Players Stats for Boston Bruins
Player Name G A P +/- PIM S H SB GA TA FO MP PP MP PK MP
------------------------------------------------------------------------------------
Adam Wilsby 0 0 0 1 0 1 1 2 0 0 0/0 15:37 0:00 0:00
Alex Laferriere 1 1 2 2 0 2 0 0 1 1 0/0 18:24 0:00 3:27
Beck Malenstyn 0 1 1 1 0 1 1 0 0 0 2/4 10:18 0:00 0:00
Jaden Schwartz 1 1 2 2 0 2 1 0 0 0 9/26 18:33 0:00 3:27
Jani Nyman 0 1 1 -1 0 10 2 1 0 1 0/1 16:14 0:00 2:35
Joel Farabee 0 0 0 -1 0 0 2 2 0 0 1/7 13:47 0:00 0:01
John Marino 0 1 1 0 0 2 0 2 0 0 0/0 21:56 0:00 3:18
Mark Kastelic 0 1 1 1 0 1 0 0 0 1 5/14 15:05 0:00 0:13
Maxim Tsyplakov 0 1 1 1 0 1 0 1 1 0 0/0 14:26 0:00 0:00
Rasmus Sandin 0 0 0 0 0 0 0 2 0 0 0/0 21:56 0:00 3:18
Ryan Strome 0 1 1 2 6 1 2 0 0 0 1/2 16:47 0:00 1:06
Sam Colangelo 1 0 1 1 0 3 2 1 0 0 0/0 10:08 0:00 0:00
Samuel Girard 0 0 0 2 0 1 0 1 1 1 0/0 22:27 0:00 3:13
Taylor Raddysh 0 1 1 1 0 1 0 0 0 0 0/0 10:02 0:00 0:00
Ty Emberson 0 0 0 2 0 6 0 1 0 1 0/0 22:27 0:00 3:13
Urho Vaakanainen 0 0 0 1 0 1 0 0 0 1 0/0 15:37 0:00 0:00
Viktor Arvidsson 1 0 1 -1 0 5 2 0 0 0 0/0 12:54 0:00 0:00
Vladimir Tarasenko 1 0 1 1 2 4 1 0 0 0 1/2 16:47 0:00 2:13
3 Stars
1 - Jaden Schwartz (BOS)
2 - Alex Laferriere (BOS)
3 - Brad Marchand (MTL)
Power Play
Montreal Canadiens - 1 on 4 Attempt(s) - 25.00%
Boston Bruins - 0 on 0 Attempt(s) - 0.00%
Penalty Kill
Montreal Canadiens - 0 on 0 Attempt(s) - 0.00%
- Score 0 goal in Penalty Kill
Boston Bruins - 3 on 4 Attempt(s) - 75.00%
- Score 0 goal in Penalty Kill
Team Stat
Montreal Canadiens - Hits : 26 - Faceoff Wins : 37 - Blocked Shots : 10 - Penalty Minutes : 0
Boston Bruins - Hits : 14 - Faceoff Wins : 19 - Blocked Shots : 13 - Penalty Minutes : 8
Official
Referees : Marc Joannette and Tj Luxmore
Linesman : Ryan Gibbons and Kilian McNamara
Game Notes
No Game Note
Finance
Level 1 -- Attendance: 4524 (75.40%) -- Ticket Income $452,400
Level 2 -- Attendance: 4100 (82.00%) -- Ticket Income $246,000
Level 3 -- Attendance: 2391 (79.70%) -- Ticket Income $83,685
Level 4 -- Attendance: 3385 (67.70%) -- Ticket Income $84,625
Luxury Box -- Attendance: 779 (77.90%) -- Ticket Income $155,800
Game was played at the TD Garden.
Total Attendance: 15179 (75.90%)
Total Ticket Income: $1,022,510
Other Income: $357,878
Total Income: $1,380,388
Montreal Canadiens
5 vs 5 Forward
Center Left Wing Right Wing Time % Phy DF OF
1 Dylan Larkin Juraj Slafkovsky Martin Necas 35 1 2 2
2 Macklin Celebrini Brad Marchand Aliaksei Protas 30 1 2 2
3 Jake Evans Ryan Poehling Patrik Laine 20 1 2 2
4 Teddy Blueger Evgeni Dadonov Drew O'Connor 15 1 2 2
5 vs 5 Defense
Defense Defense Time % Phy DF OF
1 Brady Skjei Adam Fox 30 1 2 2
2 Lane Hutson Damon Severson 30 1 2 2
3 Ilya Lyubushkin Conor Timmins 25 1 2 2
4 Brady Skjei Lane Hutson 15 1 2 2
PowerPlay Forward
Center Left Wing Right Wing Time % Phy DF OF
1 Dylan Larkin Brad Marchand Martin Necas 50 1 2 2
2 Macklin Celebrini Juraj Slafkovsky Aliaksei Protas 50 1 2 2
PowerPlay Defense
Defense Defense Time % Phy DF OF
1 Brady Skjei Adam Fox 50 1 2 2
2 Lane Hutson Damon Severson 50 1 2 2
Penalty Kill 4 Players Forward
Center Wing Time % Phy DF OF
1 Jake Evans Ryan Poehling 50 1 2 2
2 Teddy Blueger Drew O'Connor 50 1 2 2
Penalty Kill 4 Players Defense
Defense Defense Time % Phy DF OF
1 Brady Skjei Damon Severson 50 1 2 2
2 Ilya Lyubushkin Conor Timmins 50 1 2 2
Penalty Kill - 3 Players Forward
Forward Time % Phy DF OF
1 Jake Evans 50 1 2 2
2 Ryan Poehling 50 1 2 2
Penalty Kill - 3 Players Defense
Defense Defense Time % Phy DF OF
1 Brady Skjei Damon Severson 50 1 2 2
2 Ilya Lyubushkin Conor Timmins 50 1 2 2
4 vs 4 Forward
Center Wing Time % Phy DF OF
1 Jake Evans Patrik Laine 50 1 2 2
2 Teddy Blueger Ryan Poehling 50 1 2 2
4 vs 4 Defense
Defense Defense Time % Phy DF OF
1 Brady Skjei Adam Fox 50 1 2 2
2 Lane Hutson Damon Severson 50 1 2 2
Last Minutes Offensive
Center Left Wing Right Wing Defense Defense
Dylan Larkin Aliaksei Protas Martin Necas Lane Hutson Adam Fox
Last Minutes Defensive
Center Left Wing Right Wing Defense Defense
Jake Evans Ryan Poehling Drew O'Connor Ilya Lyubushkin Conor Timmins
Goaltenders
Starting : Stuart Skinner
Backup : Pyotr Kochetkov
Extra Forwards
Normal : Teddy Blueger, Ryan Poehling, Patrik Laine - PP : Teddy Blueger, Ryan Poehling - PK : Patrik Laine
Extra Defensemen
Normal : Ilya Lyubushkin, Conor Timmins, Lane Hutson - PP : Ilya Lyubushkin - PK : Conor Timmins, Lane Hutson
Penalty Shots
Martin Necas, Dylan Larkin, Brad Marchand, Macklin Celebrini, Juraj Slafkovsky
Scratches
Ian Mitchell (Healthy), Jayden Struble (Healthy), David Rittich (Healthy)
Boston Bruins
5 vs 5 Forward
Center Left Wing Right Wing Time % Phy DF OF
1 Jaden Schwartz Alex Laferriere Ryan Strome 30 1 2 2
2 Mark Kastelic Vladimir Tarasenko Maxim Tsyplakov 30 1 2 2
3 Joel Farabee Viktor Arvidsson Jani Nyman 25 1 2 2
4 Beck Malenstyn Sam Colangelo Taylor Raddysh 15 1 2 2
5 vs 5 Defense
Defense Defense Time % Phy DF OF
1 Samuel Girard Ty Emberson 35 1 2 2
2 Rasmus Sandin John Marino 35 1 2 2
3 Urho Vaakanainen Adam Wilsby 30 1 2 2
4 Samuel Girard Ty Emberson 0 1 2 2
PowerPlay Forward
Center Left Wing Right Wing Time % Phy DF OF
1 Jaden Schwartz Alex Laferriere Ryan Strome 50 1 2 2
2 Mark Kastelic Vladimir Tarasenko Maxim Tsyplakov 50 1 2 2
PowerPlay Defense
Defense Defense Time % Phy DF OF
1 Samuel Girard Ty Emberson 50 1 2 2
2 Rasmus Sandin John Marino 50 1 2 2
Penalty Kill 4 Players Forward
Center Wing Time % Phy DF OF
1 Jaden Schwartz Alex Laferriere 50 1 2 2
2 Ryan Strome Vladimir Tarasenko 50 1 2 2
Penalty Kill 4 Players Defense
Defense Defense Time % Phy DF OF
1 Samuel Girard Ty Emberson 50 1 2 2
2 Rasmus Sandin John Marino 50 1 2 2
Penalty Kill - 3 Players Forward
Forward Time % Phy DF OF
1 Jaden Schwartz 50 1 2 2
2 Alex Laferriere 50 1 2 2
Penalty Kill - 3 Players Defense
Defense Defense Time % Phy DF OF
1 Samuel Girard Ty Emberson 50 1 2 2
2 Rasmus Sandin John Marino 50 1 2 2
4 vs 4 Forward
Center Wing Time % Phy DF OF
1 Jaden Schwartz Alex Laferriere 50 1 2 2
2 Ryan Strome Vladimir Tarasenko 50 1 2 2
4 vs 4 Defense
Defense Defense Time % Phy DF OF
1 Samuel Girard Ty Emberson 50 1 2 2
2 Rasmus Sandin John Marino 50 1 2 2
Last Minutes Offensive
Center Left Wing Right Wing Defense Defense
Jaden Schwartz Alex Laferriere Ryan Strome Samuel Girard Ty Emberson
Last Minutes Defensive
Center Left Wing Right Wing Defense Defense
Jaden Schwartz Alex Laferriere Ryan Strome Samuel Girard Ty Emberson
Goaltenders
Starting : Leevi Merilainen
Backup : Petr Mrazek
Extra Forwards
Normal : Beck Malenstyn, Sam Colangelo, Jani Nyman - PP : Beck Malenstyn, Sam Colangelo - PK : Jani Nyman
Extra Defensemen
Normal : Urho Vaakanainen, Adam Wilsby, Rasmus Sandin - PP : Urho Vaakanainen - PK : Adam Wilsby, Rasmus Sandin
Penalty Shots
Jaden Schwartz, Alex Laferriere, Ryan Strome, Vladimir Tarasenko, Maxim Tsyplakov
Scratches
Aatu Raty (Healthy), Victor Mancini (Healthy), Fabian Lysell (Healthy), Sam Morton (Healthy), Jakob Pelletier (Healthy)
% Time on Ice - Montreal Canadiens
Lines # - Real PCT - Wanted PCT - Time Play
Normal Forward
1 - 31% - 35% - 16:46
2 - 30% - 30% - 16:00
3 - 21% - 20% - 11:28
4 - 17% - 15% - 9:15
Normal Defense
1 - 30% - 30% - 16:10
2 - 28% - 30% - 14:53
3 - 30% - 25% - 16:13
4 - 12% - 15% - 6:13
PP Forward
1 - 51% - 50% - 3:18
2 - 49% - 50% - 3:13
PP Defense
1 - 51% - 50% - 3:18
2 - 49% - 50% - 3:13
PK Forward
1 - 0% - 50%
2 - 0% - 50%
PK Defense
1 - 0% - 50%
2 - 0% - 50%
PK3 Forward
1 - 0% - 50%
2 - 0% - 50%
PK3 Defense
1 - 0% - 50%
2 - 0% - 50%
44 Forward
1 - 0% - 50%
2 - 0% - 50%
44 Defense
1 - 0% - 50%
2 - 0% - 50%
Last Minute Offensive - 0:00
Last Minute Defensive - 0:00
Total
Forward - 60:00
Defense - 60:00
|
% Time on Ice - Boston Bruins
Lines # - Real PCT - Wanted PCT - Time Play
Normal Forward
1 - 28% - 30% - 14:57
2 - 29% - 30% - 15:36
3 - 24% - 25% - 12:54
4 - 19% - 15% - 10:02
Normal Defense
1 - 34% - 35% - 18:05
2 - 35% - 35% - 18:38
3 - 29% - 30% - 15:37
4 - 2% - 0% - 1:09
PP Forward
1 - 0% - 50%
2 - 0% - 50%
PP Defense
1 - 0% - 50%
2 - 0% - 50%
PK Forward
1 - 40% - 50% - 2:38
2 - 60% - 50% - 3:53
PK Defense
1 - 49% - 50% - 3:13
2 - 51% - 50% - 3:18
PK3 Forward
1 - 0% - 50%
2 - 0% - 50%
PK3 Defense
1 - 0% - 50%
2 - 0% - 50%
44 Forward
1 - 0% - 50%
2 - 0% - 50%
44 Defense
1 - 0% - 50%
2 - 0% - 50%
Last Minute Offensive - 0:00
Last Minute Defensive - 0:00
Total
Forward - 60:00
Defense - 60:00
|
Play-by-Play
1st period
0:01 of 1st period - Jaden Schwartz wins face-off versus Dylan Larkin in neutral zone.
0:16 of 1st period - Wrist shot by Martin Necas.
0:16 of 1st period - Shot Misses the Net.
0:51 of 1st period - Wrist shot by Viktor Arvidsson.
0:51 of 1st period - Shot Misses the Net.
0:53 of 1st period - Backhand shot by Viktor Arvidsson.
0:53 of 1st period - Shot Misses the Net.
0:55 of 1st period - Backhand shot by Viktor Arvidsson.
0:55 of 1st period - Stopped by Stuart Skinner with a rebound.
0:57 of 1st period - Wrist shot by Jani Nyman.
0:57 of 1st period - Shot Misses the Net.
1:13 of 1st period - Snap shot by Evgeni Dadonov.
1:13 of 1st period - Shot Misses the Net.
1:15 of 1st period - Wrist shot by Drew O'Connor.
1:15 of 1st period - Shot Misses the Net.
1:17 of 1st period - Slapshot by Damon Severson.
1:17 of 1st period - Deflect By Evgeni Dadonov.
1:17 of 1st period - Stopped by Leevi Merilainen without a rebound.
1:18 of 1st period - Dylan Larkin wins face-off versus Mark Kastelic in Boston Bruins zone.
2:07 of 1st period - Wrist shot by Jani Nyman.
2:07 of 1st period - Stopped by Stuart Skinner with a rebound.
2:25 of 1st period - Teddy Blueger is hit by Sam Colangelo and loses puck.
3:21 of 1st period - Icing by Ty Emberson.
3:22 of 1st period - Jake Evans wins face-off versus Jaden Schwartz in Boston Bruins zone.
3:35 of 1st period - Slapshot by Juraj Slafkovsky.
3:35 of 1st period - Stopped by Leevi Merilainen without a rebound.
3:36 of 1st period - Macklin Celebrini wins face-off versus Joel Farabee in Boston Bruins zone.
3:45 of 1st period - Wrist shot by Brad Marchand.
3:45 of 1st period - Goal by Brad Marchand - Montreal Canadiens : 1 - Boston Bruins : 0.
3:46 of 1st period - Dylan Larkin wins face-off versus Vladimir Tarasenko in neutral zone.
4:02 of 1st period - Snap shot by Vladimir Tarasenko.
4:02 of 1st period - Shot Blocked by Dylan Larkin.
4:18 of 1st period - Wrist shot by Ryan Poehling.
4:18 of 1st period - Stopped by Leevi Merilainen without a rebound.
4:19 of 1st period - Jake Evans wins face-off versus Beck Malenstyn in Boston Bruins zone.
4:46 of 1st period - Macklin Celebrini is hit by Jani Nyman and loses puck.
4:53 of 1st period - Snap shot by Jani Nyman.
4:53 of 1st period - Stopped by Stuart Skinner with a rebound.
6:11 of 1st period - Snap shot by Aliaksei Protas.
6:11 of 1st period - Shot Blocked by Joel Farabee.
6:25 of 1st period - Mark Kastelic is hit by Brady Skjei and loses puck.
7:09 of 1st period - Martin Necas is hit by Sam Colangelo and loses puck.
7:19 of 1st period - Icing by Damon Severson.
7:20 of 1st period - Dylan Larkin wins face-off versus Joel Farabee in Montreal Canadiens zone.
7:31 of 1st period - Snap shot by Viktor Arvidsson.
7:31 of 1st period - Shot Misses the Net.
7:33 of 1st period - Slapshot by John Marino.
7:33 of 1st period - Stopped by Stuart Skinner with a rebound.
8:11 of 1st period - Wrist shot by Evgeni Dadonov.
8:11 of 1st period - Shot Misses the Net.
8:49 of 1st period - Viktor Arvidsson is hit by Brad Marchand and loses puck.
8:56 of 1st period - Slapshot by Jani Nyman.
8:56 of 1st period - Deflect By Joel Farabee.
8:56 of 1st period - Shot Blocked by Conor Timmins.
8:56 of 1st period - Puck is out of play.
8:57 of 1st period - Dylan Larkin wins face-off versus Mark Kastelic in Montreal Canadiens zone.
9:55 of 1st period - Snap shot by Alex Laferriere.
9:55 of 1st period - Stopped by Stuart Skinner without a rebound.
9:56 of 1st period - Dylan Larkin wins face-off versus Jani Nyman in Montreal Canadiens zone.
10:01 of 1st period - Joel Farabee is hit by Damon Severson and loses puck.
10:08 of 1st period - Snap shot by Samuel Girard.
10:08 of 1st period - Stopped by Stuart Skinner with a rebound.
10:10 of 1st period - Slapshot by Jani Nyman.
10:10 of 1st period - Shot Blocked by Martin Necas.
10:12 of 1st period - Backhand shot by Jani Nyman.
10:12 of 1st period - Shot Misses the Net.
10:24 of 1st period - Wrist shot by Aliaksei Protas.
10:24 of 1st period - Stopped by Leevi Merilainen without a rebound.
10:25 of 1st period - Jaden Schwartz wins face-off versus Brad Marchand in Boston Bruins zone.
10:40 of 1st period - Snap shot by Macklin Celebrini.
10:40 of 1st period - Stopped by Leevi Merilainen with a rebound.
10:54 of 1st period - Icing by Urho Vaakanainen.
10:55 of 1st period - Jake Evans wins face-off versus Jaden Schwartz in Boston Bruins zone.
11:18 of 1st period - Snap shot by Jaden Schwartz.
11:18 of 1st period - Stopped by Stuart Skinner without a rebound.
11:19 of 1st period - Mark Kastelic wins face-off versus Dylan Larkin in Montreal Canadiens zone.
11:22 of 1st period - Snap shot by Vladimir Tarasenko.
11:22 of 1st period - Goal by Vladimir Tarasenko - Montreal Canadiens : 1 - Boston Bruins : 1.
11:23 of 1st period - Vladimir Tarasenko wins face-off versus Dylan Larkin in neutral zone.
12:31 of 1st period - Off-side.
12:32 of 1st period - Drew O'Connor wins face-off versus Jaden Schwartz in neutral zone.
13:04 of 1st period - Aliaksei Protas is hit by Adam Wilsby and loses puck.
13:23 of 1st period - Slapshot by Jani Nyman.
13:23 of 1st period - Stopped by Stuart Skinner with a rebound.
13:52 of 1st period - Wrist shot by Martin Necas.
13:52 of 1st period - Shot Blocked by Adam Wilsby.
14:17 of 1st period - Wrist shot by Taylor Raddysh.
14:17 of 1st period - Deflect By Sam Colangelo.
14:17 of 1st period - Goal by Sam Colangelo - Montreal Canadiens : 1 - Boston Bruins : 2.
14:18 of 1st period - Macklin Celebrini wins face-off versus Mark Kastelic in neutral zone.
14:47 of 1st period - Snap shot by Martin Necas.
14:47 of 1st period - Deflect By Juraj Slafkovsky.
14:47 of 1st period - Shot Blocked by Rasmus Sandin.
14:47 of 1st period - Puck is out of play.
14:48 of 1st period - Jaden Schwartz wins face-off versus Dylan Larkin in Boston Bruins zone.
16:16 of 1st period - Snap shot by Jani Nyman.
16:16 of 1st period - Stopped by Stuart Skinner with a rebound.
16:18 of 1st period - Slapshot by Ty Emberson.
16:18 of 1st period - Stopped by Stuart Skinner with a rebound.
16:20 of 1st period - Slapshot by Jani Nyman.
16:20 of 1st period - Stopped by Stuart Skinner with a rebound.
16:22 of 1st period - Slapshot by Ty Emberson.
16:22 of 1st period - Stopped by Stuart Skinner without a rebound.
16:23 of 1st period - Dylan Larkin wins face-off versus Joel Farabee in Montreal Canadiens zone.
17:00 of 1st period - Slapshot by Viktor Arvidsson.
17:00 of 1st period - Shot Misses the Net.
17:02 of 1st period - Slapshot by Jani Nyman.
17:02 of 1st period - Stopped by Stuart Skinner without a rebound.
17:03 of 1st period - Macklin Celebrini wins face-off versus Jaden Schwartz in Montreal Canadiens zone.
17:18 of 1st period - Slapshot by Alex Laferriere.
17:18 of 1st period - Shot Blocked by Aliaksei Protas.
18:36 of 1st period - Minor Penalty to Ryan Strome for Tripping.
18:37 of 1st period - Dylan Larkin wins face-off versus Jaden Schwartz in Boston Bruins zone.
18:39 of 1st period - Snap shot by Brad Marchand.
18:39 of 1st period - Shot Misses the Net.
18:41 of 1st period - Wrist shot by Brad Marchand.
18:41 of 1st period - Shot Blocked by John Marino.
19:03 of 1st period - Rasmus Sandin is hit by Damon Severson and loses puck.
19:12 of 1st period - Slapshot by Macklin Celebrini.
19:12 of 1st period - Stopped by Leevi Merilainen with a rebound.
Goals for this period are 1 for Montreal Canadiens vs 2 for Boston Bruins.
Shots for this period are 7 for Montreal Canadiens vs 15 for Boston Bruins.
2nd period
0:01 of 2nd period - Macklin Celebrini wins face-off versus Jaden Schwartz in neutral zone.
0:36 of 2nd period - Penalty to Ryan Strome is over, Ryan Strome is back on ice.
1:34 of 2nd period - Snap shot by Maxim Tsyplakov.
1:34 of 2nd period - Shot Blocked by Ilya Lyubushkin.
1:52 of 2nd period - Wrist shot by Juraj Slafkovsky.
1:52 of 2nd period - Stopped by Leevi Merilainen with a rebound.
1:54 of 2nd period - Snap shot by Dylan Larkin.
1:54 of 2nd period - Stopped by Leevi Merilainen without a rebound.
1:55 of 2nd period - Juraj Slafkovsky wins face-off versus Jaden Schwartz in Boston Bruins zone.
2:54 of 2nd period - Wrist shot by Jani Nyman.
2:54 of 2nd period - Shot Misses the Net.
4:08 of 2nd period - Icing by Ilya Lyubushkin.
4:09 of 2nd period - Macklin Celebrini wins face-off versus Jaden Schwartz in Montreal Canadiens zone.
4:23 of 2nd period - Minor Penalty to Ryan Strome for Delaying the game.
4:24 of 2nd period - Jaden Schwartz wins face-off versus Macklin Celebrini in Boston Bruins zone.
4:57 of 2nd period - Wrist shot by Martin Necas.
4:57 of 2nd period - Goal by Martin Necas - Montreal Canadiens : 2 - Boston Bruins : 2.
4:58 of 2nd period - Mark Kastelic wins face-off versus Dylan Larkin in neutral zone.
5:23 of 2nd period - Ryan Strome is hit by Lane Hutson and loses puck.
5:28 of 2nd period - Slapshot by Macklin Celebrini.
5:28 of 2nd period - Stopped by Leevi Merilainen with a rebound.
5:34 of 2nd period - Slapshot by Macklin Celebrini.
5:34 of 2nd period - Shot Hit the Post.
5:50 of 2nd period - Wrist shot by Viktor Arvidsson.
5:50 of 2nd period - Shot Misses the Net.
5:52 of 2nd period - Slapshot by Ty Emberson.
5:52 of 2nd period - Stopped by Stuart Skinner with a rebound.
5:54 of 2nd period - Slapshot by Samuel Girard.
5:54 of 2nd period - Deflect By Viktor Arvidsson.
5:54 of 2nd period - Stopped by Stuart Skinner without a rebound.
5:55 of 2nd period - Dylan Larkin wins face-off versus Mark Kastelic in Montreal Canadiens zone.
6:00 of 2nd period - Snap shot by Dylan Larkin.
6:00 of 2nd period - Shot Blocked by Maxim Tsyplakov.
6:24 of 2nd period - Snap shot by Jaden Schwartz.
6:24 of 2nd period - Shot Misses the Net.
6:26 of 2nd period - Slapshot by Alex Laferriere.
6:26 of 2nd period - Shot Misses the Net.
6:28 of 2nd period - Slapshot by John Marino.
6:28 of 2nd period - Deflect By Jaden Schwartz.
6:28 of 2nd period - Goal by Jaden Schwartz - Montreal Canadiens : 2 - Boston Bruins : 3.
6:29 of 2nd period - Dylan Larkin wins face-off versus Mark Kastelic in neutral zone.
6:36 of 2nd period - Snap shot by Martin Necas.
6:36 of 2nd period - Shot Blocked by Rasmus Sandin.
7:24 of 2nd period - Slapshot by Lane Hutson.
7:24 of 2nd period - Shot Misses the Net.
7:26 of 2nd period - Slapshot by Teddy Blueger.
7:26 of 2nd period - Deflect By Evgeni Dadonov.
7:26 of 2nd period - Goal by Evgeni Dadonov - Montreal Canadiens : 3 - Boston Bruins : 3.
7:27 of 2nd period - Dylan Larkin wins face-off versus Mark Kastelic in neutral zone.
7:41 of 2nd period - Slapshot by Juraj Slafkovsky.
7:41 of 2nd period - Shot Misses the Net.
7:43 of 2nd period - Minor Penalty to Vladimir Tarasenko for Tripping.
7:44 of 2nd period - Dylan Larkin wins face-off versus Jaden Schwartz in Boston Bruins zone.
7:45 of 2nd period - Wrist shot by Martin Necas.
7:45 of 2nd period - Stopped by Leevi Merilainen without a rebound.
7:46 of 2nd period - Jaden Schwartz wins face-off versus Dylan Larkin in Boston Bruins zone.
7:46 of 2nd period - Jaden Schwartz is hit by Brad Marchand.
8:00 of 2nd period - Snap shot by Ryan Strome.
8:00 of 2nd period - Stopped by Stuart Skinner with a rebound.
8:02 of 2nd period - Slapshot by Samuel Girard.
8:02 of 2nd period - Deflect By Jani Nyman.
8:02 of 2nd period - Stopped by Stuart Skinner with a rebound.
8:04 of 2nd period - Backhand shot by Ty Emberson.
8:04 of 2nd period - Stopped by Stuart Skinner with a rebound.
8:06 of 2nd period - Slapshot by Ty Emberson.
8:06 of 2nd period - Stopped by Stuart Skinner with a rebound.
8:28 of 2nd period - Slapshot by Juraj Slafkovsky.
8:28 of 2nd period - Shot Hit the Post.
8:30 of 2nd period - Slapshot by Brady Skjei.
8:30 of 2nd period - Stopped by Leevi Merilainen without a rebound.
8:31 of 2nd period - Macklin Celebrini wins face-off versus Ryan Strome in Boston Bruins zone.
9:43 of 2nd period - Penalty to Vladimir Tarasenko is over, Vladimir Tarasenko is back on ice.
10:13 of 2nd period - Vladimir Tarasenko is hit by Teddy Blueger and loses puck.
10:38 of 2nd period - Slapshot by Viktor Arvidsson.
10:38 of 2nd period - Stopped by Stuart Skinner without a rebound.
10:39 of 2nd period - Beck Malenstyn wins face-off versus Macklin Celebrini in Montreal Canadiens zone.
10:42 of 2nd period - Snap shot by Taylor Raddysh.
10:42 of 2nd period - Shot Misses the Net.
10:44 of 2nd period - Slapshot by Urho Vaakanainen.
10:44 of 2nd period - Stopped by Stuart Skinner with a rebound.
10:46 of 2nd period - Slapshot by Adam Wilsby.
10:46 of 2nd period - Shot Blocked by Brady Skjei.
10:48 of 2nd period - Snap shot by Sam Colangelo.
10:48 of 2nd period - Shot Misses the Net.
10:50 of 2nd period - Wrist shot by Sam Colangelo.
10:50 of 2nd period - Stopped by Stuart Skinner with a rebound.
10:52 of 2nd period - Snap shot by Adam Wilsby.
10:52 of 2nd period - Stopped by Stuart Skinner with a rebound.
11:13 of 2nd period - Snap shot by Maxim Tsyplakov.
11:13 of 2nd period - Stopped by Stuart Skinner without a rebound.
11:14 of 2nd period - Jaden Schwartz wins face-off versus Dylan Larkin in Montreal Canadiens zone.
11:25 of 2nd period - Wrist shot by Martin Necas.
11:25 of 2nd period - Stopped by Leevi Merilainen with a rebound.
11:46 of 2nd period - Snap shot by Mark Kastelic.
11:46 of 2nd period - Stopped by Stuart Skinner without a rebound.
11:47 of 2nd period - Macklin Celebrini wins face-off versus Joel Farabee in Montreal Canadiens zone.
11:47 of 2nd period - Macklin Celebrini is hit by Joel Farabee.
11:57 of 2nd period - Snap shot by Macklin Celebrini.
11:57 of 2nd period - Shot Blocked by Jani Nyman.
12:48 of 2nd period - Snap shot by Jani Nyman.
12:48 of 2nd period - Stopped by Stuart Skinner with a rebound.
13:43 of 2nd period - Snap shot by Sam Colangelo.
13:43 of 2nd period - Shot Blocked by Brady Skjei.
13:45 of 2nd period - Snap shot by Taylor Raddysh.
13:45 of 2nd period - Stopped by Stuart Skinner without a rebound.
13:46 of 2nd period - Beck Malenstyn wins face-off versus Dylan Larkin in Montreal Canadiens zone.
15:01 of 2nd period - Snap shot by Drew O'Connor.
15:01 of 2nd period - Shot Misses the Net.
15:34 of 2nd period - Macklin Celebrini is hit by Ryan Strome.
16:11 of 2nd period - Ty Emberson is hit by Jake Evans and loses puck.
16:26 of 2nd period - Wrist shot by Beck Malenstyn.
16:26 of 2nd period - Stopped by Stuart Skinner without a rebound.
16:27 of 2nd period - Mark Kastelic wins face-off versus Dylan Larkin in Montreal Canadiens zone.
16:32 of 2nd period - Backhand shot by Vladimir Tarasenko.
16:32 of 2nd period - Deflect By Adam Fox.
16:32 of 2nd period - Stopped by Stuart Skinner with a rebound.
17:47 of 2nd period - Wrist shot by Teddy Blueger.
17:47 of 2nd period - Shot Blocked by Joel Farabee.
17:49 of 2nd period - Snap shot by Evgeni Dadonov.
17:49 of 2nd period - Shot Misses the Net.
17:51 of 2nd period - Wrist shot by Teddy Blueger.
17:51 of 2nd period - Stopped by Leevi Merilainen with a rebound.
18:03 of 2nd period - Wrist shot by Vladimir Tarasenko.
18:03 of 2nd period - Stopped by Stuart Skinner with a rebound.
18:25 of 2nd period - Wrist shot by Alex Laferriere.
18:25 of 2nd period - Goal by Alex Laferriere - Montreal Canadiens : 3 - Boston Bruins : 4.
18:26 of 2nd period - Jaden Schwartz wins face-off versus Dylan Larkin in neutral zone.
18:51 of 2nd period - Maxim Tsyplakov is hit by Brad Marchand and loses puck.
19:12 of 2nd period - Wrist shot by Jani Nyman.
19:12 of 2nd period - Stopped by Stuart Skinner with a rebound.
19:20 of 2nd period - Ryan Poehling is hit by Jani Nyman and loses puck.
19:55 of 2nd period - Snap shot by Sam Colangelo.
19:55 of 2nd period - Stopped by Stuart Skinner without a rebound.
19:56 of 2nd period - Ryan Strome wins face-off versus Dylan Larkin in Montreal Canadiens zone.
Goals for this period are 2 for Montreal Canadiens vs 2 for Boston Bruins.
Shots for this period are 9 for Montreal Canadiens vs 21 for Boston Bruins.
3rd period
0:01 of 3rd period - Dylan Larkin wins face-off versus Jaden Schwartz in neutral zone.
0:15 of 3rd period - Minor Penalty to Ryan Strome for Cross-checking.
0:16 of 3rd period - Dylan Larkin wins face-off versus Jaden Schwartz in Boston Bruins zone.
2:15 of 3rd period - Penalty to Ryan Strome is over, Ryan Strome is back on ice.
2:26 of 3rd period - Ty Emberson is hit by Lane Hutson and loses puck.
2:51 of 3rd period - Snap shot by Jake Evans.
2:51 of 3rd period - Shot Misses the Net.
2:53 of 3rd period - Slapshot by Jake Evans.
2:53 of 3rd period - Stopped by Leevi Merilainen with a rebound.
3:09 of 3rd period - Taylor Raddysh is hit by Evgeni Dadonov and loses puck.
3:34 of 3rd period - Beck Malenstyn is hit by Ryan Poehling and loses puck.
3:58 of 3rd period - Ryan Strome is hit by Teddy Blueger and loses puck.
4:13 of 3rd period - John Marino is hit by Brady Skjei and loses puck.
5:22 of 3rd period - Ilya Lyubushkin is hit by Joel Farabee and loses puck.
5:29 of 3rd period - Wrist shot by Viktor Arvidsson.
5:29 of 3rd period - Shot Blocked by Drew O'Connor.
5:48 of 3rd period - Wrist shot by Evgeni Dadonov.
5:48 of 3rd period - Stopped by Leevi Merilainen with a rebound.
5:50 of 3rd period - Slapshot by Ilya Lyubushkin.
5:50 of 3rd period - Shot Blocked by Ty Emberson.
5:52 of 3rd period - Slapshot by Drew O'Connor.
5:52 of 3rd period - Shot Misses the Net.
5:54 of 3rd period - Slapshot by Conor Timmins.
5:54 of 3rd period - Shot Blocked by Samuel Girard.
5:56 of 3rd period - Slapshot by Conor Timmins.
5:56 of 3rd period - Stopped by Leevi Merilainen without a rebound.
5:57 of 3rd period - Dylan Larkin wins face-off versus Jaden Schwartz in Boston Bruins zone.
5:58 of 3rd period - Snap shot by Martin Necas.
5:58 of 3rd period - Stopped by Leevi Merilainen with a rebound.
6:23 of 3rd period - Vladimir Tarasenko is hit by Aliaksei Protas and loses puck.
6:32 of 3rd period - Slapshot by Macklin Celebrini.
6:32 of 3rd period - Deflect By Brad Marchand.
6:32 of 3rd period - Shot Blocked by Adam Wilsby.
6:32 of 3rd period - Puck is out of play.
6:33 of 3rd period - Dylan Larkin wins face-off versus Jaden Schwartz in Boston Bruins zone.
6:40 of 3rd period - Snap shot by Juraj Slafkovsky.
6:40 of 3rd period - Deflect By Martin Necas.
6:40 of 3rd period - Shot Hit the Post.
6:40 of 3rd period - Puck is out of play.
6:41 of 3rd period - Dylan Larkin wins face-off versus Jaden Schwartz in Boston Bruins zone.
6:56 of 3rd period - Slapshot by Martin Necas.
6:56 of 3rd period - Stopped by Leevi Merilainen with a rebound.
6:58 of 3rd period - Backhand shot by Brady Skjei.
6:58 of 3rd period - Shot Misses the Net.
7:00 of 3rd period - Slapshot by Martin Necas.
7:00 of 3rd period - Shot Misses the Net.
7:02 of 3rd period - Slapshot by Adam Fox.
7:02 of 3rd period - Stopped by Leevi Merilainen with a rebound.
7:30 of 3rd period - Snap shot by Dylan Larkin.
7:30 of 3rd period - Stopped by Leevi Merilainen without a rebound.
7:31 of 3rd period - Mark Kastelic wins face-off versus Macklin Celebrini in Boston Bruins zone.
7:31 of 3rd period - Mark Kastelic is hit by Ilya Lyubushkin.
7:38 of 3rd period - Ty Emberson is hit by Conor Timmins and loses puck.
7:47 of 3rd period - Snap shot by Vladimir Tarasenko.
7:47 of 3rd period - Stopped by Stuart Skinner without a rebound.
7:48 of 3rd period - Jake Evans wins face-off versus Joel Farabee in Montreal Canadiens zone.
7:53 of 3rd period - Slapshot by Viktor Arvidsson.
7:53 of 3rd period - Shot Misses the Net.
7:55 of 3rd period - Snap shot by Jani Nyman.
7:55 of 3rd period - Stopped by Stuart Skinner without a rebound.
7:56 of 3rd period - Jake Evans wins face-off versus Joel Farabee in Montreal Canadiens zone.
7:56 of 3rd period - Jake Evans is hit by Viktor Arvidsson.
8:24 of 3rd period - Wrist shot by Viktor Arvidsson.
8:24 of 3rd period - Stopped by Stuart Skinner without a rebound.
8:25 of 3rd period - Dylan Larkin wins face-off versus Jaden Schwartz in Montreal Canadiens zone.
9:36 of 3rd period - Snap shot by Jani Nyman.
9:36 of 3rd period - Deflect By Viktor Arvidsson.
9:36 of 3rd period - Goal by Viktor Arvidsson - Montreal Canadiens : 3 - Boston Bruins : 5.
9:37 of 3rd period - Dylan Larkin wins face-off versus Jaden Schwartz in neutral zone.
10:26 of 3rd period - Macklin Celebrini is hit by Beck Malenstyn and loses puck.
10:30 of 3rd period - Icing by Macklin Celebrini.
10:31 of 3rd period - Brad Marchand wins face-off versus Beck Malenstyn in Montreal Canadiens zone.
11:11 of 3rd period - Urho Vaakanainen is hit by Macklin Celebrini and loses puck.
11:45 of 3rd period - Snap shot by Aliaksei Protas.
11:45 of 3rd period - Shot Blocked by Sam Colangelo.
11:47 of 3rd period - Slapshot by Aliaksei Protas.
11:47 of 3rd period - Stopped by Leevi Merilainen without a rebound.
11:48 of 3rd period - Jaden Schwartz wins face-off versus Dylan Larkin in Boston Bruins zone.
11:48 of 3rd period - Jaden Schwartz is hit by Dylan Larkin.
12:23 of 3rd period - Snap shot by Ryan Poehling.
12:23 of 3rd period - Deflect By Patrik Laine.
12:23 of 3rd period - Shot Misses the Net.
12:23 of 3rd period - Puck is out of play.
12:24 of 3rd period - Joel Farabee wins face-off versus Dylan Larkin in Boston Bruins zone.
12:24 of 3rd period - Joel Farabee is hit by Ilya Lyubushkin.
12:50 of 3rd period - Ilya Lyubushkin is hit by Jaden Schwartz and loses puck.
12:57 of 3rd period - Slapshot by Jaden Schwartz.
12:57 of 3rd period - Shot Blocked by Patrik Laine.
12:59 of 3rd period - Slapshot by Ty Emberson.
12:59 of 3rd period - Stopped by Stuart Skinner with a rebound.
13:19 of 3rd period - Backhand shot by Conor Timmins.
13:19 of 3rd period - Shot Blocked by John Marino.
13:37 of 3rd period - Damon Severson is hit by Viktor Arvidsson and loses puck.
13:50 of 3rd period - Alex Laferriere is hit by Jake Evans and loses puck.
13:54 of 3rd period - Icing by Ryan Strome.
13:55 of 3rd period - Jake Evans wins face-off versus Jaden Schwartz in Boston Bruins zone.
13:56 of 3rd period - Wrist shot by Patrik Laine.
13:56 of 3rd period - Stopped by Leevi Merilainen without a rebound.
13:57 of 3rd period - Dylan Larkin wins face-off versus Mark Kastelic in Boston Bruins zone.
13:58 of 3rd period - Wrist shot by Martin Necas.
13:58 of 3rd period - Deflect By Vladimir Tarasenko.
13:58 of 3rd period - Shot Hit the Post.
13:58 of 3rd period - Puck is out of play.
13:59 of 3rd period - Dylan Larkin wins face-off versus Mark Kastelic in Boston Bruins zone.
14:00 of 3rd period - Snap shot by Martin Necas.
14:00 of 3rd period - Stopped by Leevi Merilainen without a rebound.
14:01 of 3rd period - Dylan Larkin wins face-off versus Mark Kastelic in Boston Bruins zone.
14:32 of 3rd period - Snap shot by Brad Marchand.
14:32 of 3rd period - Shot Misses the Net.
14:34 of 3rd period - Slapshot by Brady Skjei.
14:34 of 3rd period - Stopped by Leevi Merilainen without a rebound.
14:35 of 3rd period - Jaden Schwartz wins face-off versus Macklin Celebrini in Boston Bruins zone.
14:40 of 3rd period - Brad Marchand is hit by Ryan Strome and loses puck.
14:47 of 3rd period - Slapshot by Damon Severson.
14:47 of 3rd period - Shot Misses the Net.
14:49 of 3rd period - Wrist shot by Brad Marchand.
14:49 of 3rd period - Shot Misses the Net.
14:51 of 3rd period - Slapshot by Aliaksei Protas.
14:51 of 3rd period - Deflect By Brad Marchand.
14:51 of 3rd period - Stopped by Leevi Merilainen without a rebound.
14:52 of 3rd period - Mark Kastelic wins face-off versus Dylan Larkin in Boston Bruins zone.
14:52 of 3rd period - Mark Kastelic is hit by Brady Skjei.
14:58 of 3rd period - Wrist shot by John Marino.
14:58 of 3rd period - Stopped by Stuart Skinner with a rebound.
17:17 of 3rd period - Taylor Raddysh is hit by Evgeni Dadonov and loses puck.
17:55 of 3rd period - Jani Nyman is hit by Dylan Larkin and loses puck.
18:24 of 3rd period - Wrist shot by Jaden Schwartz.
18:24 of 3rd period - Shot Blocked by Adam Fox.
18:34 of 3rd period - Maxim Tsyplakov is hit by Evgeni Dadonov and loses puck.
19:05 of 3rd period - Ryan Poehling is hit by Vladimir Tarasenko and loses puck.
19:53 of 3rd period - Adam Wilsby is hit by Brad Marchand and loses puck.
Goals for this period are 0 for Montreal Canadiens vs 1 for Boston Bruins.
Shots for this period are 12 for Montreal Canadiens vs 6 for Boston Bruins.
Back to the Top